AoeStats
← Trickshot

Lombardia

509943853Analyzed
3v3 RM · 4d ago on Sep 28, 2026· 76m 8s· 6 players
Game mode
Random Map
Map size
Normal (6 player)
Population
200
Speed
Normal
Resources
Standard
Victory
Conquest
Starting age
Dark Age
Ending age
Imperial Age
RankedLock teamsTeams togetherTeam positionsShared explorationLock speedFull tech treeHidden civsTurbo modeCheats
Victory
Defeat
🇫🇷 Italians · France
1243
+19
🇫🇷 Magyars · France
1219
+20
🇫🇷 Jurchens · France
1185
+21
🇩🇪 Persians · Germany
1333
-21
🇩🇪 Gurjaras · Germany
1315
-20
🇩🇪 Franks · Germany
1279
-19
Trickshot
11:24 Feudal Age
12:23 Loom
15:12 Castle Age
13:25 Double-Bit Axe
16:09 Horse Collar
22:57 Bow Saw
23:12 Heavy Plow
24:35 Wheelbarrow
23:59 Gold Mining
25:26 Hand Cart
25:43 Town Watch
27:12 Fletching
28:18 Scale Barding Armor
28:24 Forging
28:59 Bloodlines
37:38 Imperial Age
35:21 Bodkin Arrow
35:47 Stone Mining
36:32 Gold Shaft Mining
36:50 Husbandry
37:12 Chain Barding Armor
37:28 Iron Casting
37:17 Cavalier
41:04 Light Cavalry
46:23 Hussar
47:14 Savar
49:53 Conscription
49:34 Kamandaran
52:52 Crossbowman
53:38 Thumb Ring
53:36 Padded Archer Armor
54:12 Iron Casting
53:59 Chain Barding Armor
56:53 Plate Barding Armor
57:20 Caravan
58:16 Leather Archer Armor
65:56 Capped Ram
70:17 Two-Man Saw
70:11 Crop Rotation
Spieler2
9:11 Loom
11:33 Feudal Age
15:18 Castle Age
13:08 Double-Bit Axe
13:35 Horse Collar
16:51 Bow Saw
22:50 Heavy Plow
24:47 Wheelbarrow
27:06 Fletching
27:50 Scale Barding Armor
27:51 Bodkin Arrow
28:38 Bloodlines
28:31 Husbandry
29:10 Chain Barding Armor
28:59 Gold Mining
32:24 Hand Cart
36:10 Imperial Age
34:43 Bodkin Arrow
37:36 Plate Barding Armor
36:24 Elite Shrivamsha Rider
37:23 Forging
37:59 Coinage
37:55 Conscription
38:58 Masonry
45:27 Light Cavalry
46:59 Banking
47:10 Bracer
47:42 Ballistics
48:22 Chemistry
47:26 Padded Archer Armor
47:26 Elite Elephant Archer
48:13 Thumb Ring
52:41 Caravan
59:58 Hussar
63:00 Heavy Scorpion
64:27 Leather Archer Armor
65:25 Iron Casting
Wilma Raiden I.
10:45 Loom
12:33 Feudal Age
14:24 Double-Bit Axe
16:53 Castle Age
17:17 Scale Barding Armor
24:40 Gold Mining
28:51 Wheelbarrow
32:17 Chain Barding Armor
37:46 Imperial Age
35:32 Hand Cart
35:16 Fletching
35:38 Forging
38:46 Ballistics
37:57 Cavalier
39:43 Chemistry
40:33 Plate Barding Armor
40:34 Iron Casting
41:45 Paladin
45:03 Blast Furnace
45:53 Husbandry
46:36 Caravan
47:13 Light Cavalry
49:08 Bodkin Arrow
48:54 Elite Skirmisher
Mickasator
8:53 Loom
12:01 Feudal Age
12:54 Double-Bit Axe
14:03 Fletching
18:36 Padded Archer Armor
20:27 Horse Collar
23:49 Castle Age
21:44 Gold Mining
24:43 Bodkin Arrow
24:08 Crossbowman
25:42 Leather Archer Armor
29:19 Ballistics
29:44 Town Watch
31:17 Stone Mining
37:04 Imperial Age
35:12 Wheelbarrow
36:27 Thumb Ring
36:56 Bow Saw
37:26 Arbalester
40:23 Chemistry
42:05 Bracer
42:27 Town Patrol
43:06 Conscription
43:15 Hand Cart
42:41 Pikeman
43:22 Squires
43:23 Scale Mail Armor
49:52 Ring Archer Armor
53:51 Two-Man Saw
53:09 Guilds
54:15 Heavy Plow
54:38 Elite Skirmisher
55:54 Caravan
57:56 Crop Rotation
63:46 Masonry
63:51 Onager
69:57 Architecture
71:55 Elite Genoese Crossbowman
74:32 Pirotechnia
Pierrot
5:39 Loom
12:19 Feudal Age
16:42 Castle Age
15:38 Double-Bit Axe
15:59 Horse Collar
19:45 Scale Barding Armor
23:10 Chain Barding Armor
25:28 Gold Mining
26:54 Wheelbarrow
29:50 Gold Shaft Mining
35:31 Imperial Age
33:18 Hand Cart
33:44 Stone Mining
33:57 Heavy Plow
35:47 Elite Magyar Huszar
36:49 Conscription
37:18 Bow Saw
39:01 Plate Barding Armor
43:55 Scale Mail Armor
44:42 Pikeman
45:43 Halberdier
47:09 Corvinian Army
47:34 Chain Mail Armor
46:44 Cavalier
48:40 Bloodlines
47:52 Paladin
48:35 Husbandry
50:29 Crop Rotation
66:44 Caravan
aliga
6:49 Loom
9:33 Feudal Age
10:15 Double-Bit Axe
12:21 Wheelbarrow
13:04 Horse Collar
15:40 Forging
22:38 Castle Age
21:16 Gold Mining
21:42 Fletching
22:05 Bloodlines
22:56 Padded Archer Armor
23:44 Bodkin Arrow
24:09 Bow Saw
24:03 Heavy Plow
27:03 Husbandry
29:13 Ballistics
32:35 Town Watch
39:39 Imperial Age
39:13 Gold Shaft Mining
38:28 Stone Mining
40:27 Bracer
40:43 Leather Archer Armor
41:31 Chemistry
39:58 Heavy Cavalry Archer
41:15 Elite Fire Lancer
42:18 Scale Mail Armor
42:53 Iron Casting
42:45 Fortified Bastions
43:44 Conscription
43:45 Chain Mail Armor
49:50 Pikeman
50:30 Squires
52:24 Halberdier
55:32 Scale Barding Armor
56:28 Blast Furnace
55:18 Light Cavalry
59:09 Caravan
61:41 Two-Man Saw
61:14 Crop Rotation
64:34 Chain Barding Armor
63:45 Hussar
66:35 Fortified Wall
66:36 Masonry
71:03 Plate Barding Armor
71:36 Elite Steppe Lancer
Connection lost

Rejoining the realm…

Still unreachable

The connection could not be restored.

Session expired

The server has moved on; the page needs a fresh start.